 Dungeon Crawl Stone Soup version 0.22-a0-367-gb72a975 (webtiles) character file.

30 dstrtnsr the Chiller (level 3, -8/26 HPs)
             Began as a Centaur Ice Elementalist on Apr 22, 2018.
             Mangled by a centaur
             ... wielding a cursed +0 shortbow
              (9 damage)
             ... on level 2 of the Dungeon.
             The game lasted 00:05:06 (581 turns).

dstrtnsr the Chiller (Centaur Ice Elementalist)      Turns: 581, Time: 00:05:06

Health: -8/26      AC:  4    Str: 11    XL:     3   Next: 5%
Magic:  5/5        EV:  4    Int: 14    God:
Gold:   33         SH:  9    Dex:  9    Spells: 4/5 levels left

rFire    . . .     SeeInvis .     - Unarmed
rCold    . . .     Gourm    .   b - +0 large shield
rNeg     . . .     Faith    .   a - +0 robe
rPois    .         Spirit   .   (no helmet)
rElec    .         Reflect  .   (no cloak)
rCorr    .         Harm     .   (no gloves)
MR       .....                  (no barding)
Stlth    +.........             (no amulet)
HPRegen  0.08/turn              (no ring)
MPRegen  0.09/turn              (no ring)

@: very quick
A: large, hooves 3, deformed body, speed 2, tough skin 3
a: no special abilities


You were on level 2 of the Dungeon.
You were not hungry.

You visited 1 branch of the dungeon, and saw 2 of its levels.

You collected 33 gold pieces.

Inventory:

Armour
 a - a +0 robe (worn)
 b - a +0 large shield (worn)
Comestibles
 c - a ration {!d}


   Skills:
 + Level 0.0 Fighting
 - Level 1.3 Dodging
 - Level 1.1 Stealth
 + Level 2.3 Unarmed Combat
 - Level 1.7 Spellcasting
   Level 0.8 Conjurations
 - Level 2.9 Ice Magic


You had 4 spell levels left.
You knew the following spells:

 Your Spells              Type           Power        Failure   Level  Hunger
a - Freeze                Ice            #...         88%         1    ##.....


Dungeon Overview and Level Annotations

Branches:
Dungeon (2/15)

Altars:
Dithmenos


Innate Abilities, Weirdness & Mutations

You have hooves in place of feet.
Armour fits poorly on your strangely shaped body.
You cover ground very quickly.
You have extremely tough skin. (AC +3)


Message History

Your experience leads to an increase in your attributes!
Increase (S)trength, (I)ntelligence, or (D)exterity?
You feel stronger.
A giant cockroach comes into view.
Items here: ( ) †† a short sword; a stone; a kobold corpse; a jackal corpse Unknown command.
Unknown command.
You barely miss the giant cockroach. You kick the giant cockroach.
The giant cockroach is heavily wounded.
You block the giant cockroach's attack. x2
Unknown command.
You hit the giant cockroach.
You kill the giant cockroach!
Unknown command.
There is a stone staircase leading up here.
Found a pair of boots.
You now have 33 gold pieces (gained 11).
There are no items here.
Found a shadowy altar of Dithmenos.
A bat comes into view.
You see here a pair of boots.
Unknown command.
Unknown command.
You closely miss the bat. The bat hits you.
* * * LOW HITPOINT WARNING * * *
Damage: -4%(-1hp) hp: 27%(7hp)
You block the bat's attack.
You hit the bat but do no damage. Your kick misses the bat.
The bat hits you but does no damage.
Unknown command.
You hit the bat.
You kill the bat!
Unknown command.
Okay, then.
Found 20 bolts.
A centaur comes into view.
The centaur shouts!
The centaur wields a shortbow.
The centaur shoots an arrow.
The arrow hits you but does no damage.
You see here an arrow.
Unknown command.
Unknown command.
Okay, then.
It was a potion of heal wounds.
You feel much better.
Unknown command.
The centaur shoots an arrow.
You block the arrow. You block the centaur's attack.
You see here an arrow.
Unknown command.
You closely miss the centaur. The centaur hits you with a shortbow!
Huge Dmg: -34%(-9hp) hp: 66%(17hp)
You hit the centaur.
The centaur is lightly wounded.
The centaur barely misses you.
Unknown command.
Your shield prevents you from hitting the centaur.
You kick the centaur.
The centaur is lightly wounded.
The centaur hits you but does no damage.
The centaur hits you with a shortbow.
Damage: -8%(-2hp) hp: 58%(15hp) Unknown command.
You closely miss the centaur.
The centaur is lightly wounded.
You block the centaur's attack.
Unknown command.
You hit the centaur.
The centaur is moderately wounded.
The centaur hits you with a shortbow.
* * * LOW HITPOINT WARNING * * *
The centaur hits you but does no damage.
Huge Dmg: -23%(-6hp) hp: 35%(9hp)
You hit the centaur but do no damage. You kick the centaur, but do no damage.
The centaur is moderately wounded.
The centaur hits you with a shortbow.
* * * LOW HITPOINT WARNING * * *
The centaur hits you with a shortbow.
* * * LOW HITPOINT WARNING * * *
Huge Dmg: -27%(-7hp) hp: 8%(2hp)
As you read the scroll labeled ONIUCE BIAZIO, it crumbles to dust.
You hear snatches of song.
It was a scroll of random uselessness.
The centaur hits you with a shortbow.
* * * LOW HITPOINT WARNING * * *
Huge Dmg: -4%(-1hp) hp: 4%(1hp)
As you read the scroll labeled UNOCSA PITAI, it crumbles to dust.
You feel blessed for a moment.
It was a scroll of remove curse.
The centaur hits you but does no damage.
The centaur completely misses you.
Unknown command.
Unknown command.
As you read the scroll labeled NYONISKAI, it crumbles to dust.
It is a scroll of identify.
You don't have any unidentified items.
You block the centaur's attack.
Unknown command.
You hit the centaur.
The centaur is moderately wounded.
The centaur hits you with a shortbow!
You die...

#.# ..#
######.##..#
#..........#
#.####.#...##.
#..........
#..#.#(###. #
#..#.#.#
#.###..#.# .
#..@(....# .
##c####### ##
#. .. ... #...
#... ##..


You could see a centaur.

Vanquished Creatures
  A dart slug (D:1)
  2 giant cockroaches
  5 goblins (D:1)
  2 hobgoblins (D:1)
  3 jackals
  4 bats
  A frilled lizard (D:1)
  4 kobolds
  4 rats (D:1)
26 creatures vanquished.

Notes
Turn   | Place    | Note
-------+----------+-------------------------------------------
     0 | D:1      | dstrtnsr the Centaur Ice Elementalist began the quest for the Orb.
     0 | D:1      | Reached XP level 1. HP: 14/14 MP: 3/3
   115 | D:1      | HP: 4/14 [goblin (4)]
   132 | D:1      | Reached XP level 2. HP: 7/20 MP: 4/4
   179 | D:1      | Reached skill level 1 in Unarmed Combat
   273 | D:1      | HP: 8/20 [goblin/club (2)]
   355 | D:1      | HP: 8/20 [goblin (1)]
   363 | D:1      | HP: 7/20 [bat (1)]
   385 | D:1      | HP: 7/20 [hobgoblin/club (2)]
   390 | D:1      | HP: 5/20 [hobgoblin/club (1)]
   483 | D:2      | HP: 7/20 [kobold/stone (2)]
   492 | D:2      | HP: 5/20 [jackal (3)]
   497 | D:2      | Reached XP level 3. HP: 7/26 MP: 5/5
   515 | D:2      | Found a shadowy altar of Dithmenos.
   518 | D:2      | HP: 7/26 [bat (1)]
   567 | D:2      | Noticed a centaur
   576 | D:2      | HP: 9/26 [centaur/shortbow (6)]
   577 | D:2      | HP: 2/26 [centaur/shortbow (3)]
   581 | D:2      | Mangled by a centaur

Vault maps used:
D:1:      saegor_arrival_miasma, minmay_tromino_i2
D:2:      old_standard_altar, kennysheep_okawaru_gauntlet, first_ration,
          uniq_jessica, uniq_robin, uniq_crazy_yiuf_cottage

Skill      XL: |  1  2 |
---------------+-------+-----
Unarmed Combat | 2 |  2.3
Dodging        | |  1.3
Stealth        | |  1.1
Spellcasting   | |  1.7
Conjurations   | |  0.8
Ice Magic      | |  2.9

Action                   || total
-------------------------++-------
Melee: Unarmed           ||   114
       Kick              ||    20
 Cast: Freeze            ||     4
  Use: Scroll            ||     3
       Potion            ||     1
Armor: Robe              ||    40
Dodge: Dodged            ||    28
Block: Large shield      ||    60

Table legend:
 A = Spawn XP
 B = Non-spawn XP
 C = Spawn XP percentage of total XP
 D = Spawn monster count
 E = Non-spawn monster count
 F = Spawn count percentage of total count
 G = Total turns spent on level
                    A         B        C        D         E        F      G
               +---------+---------+-------+---------+---------+-------+---------
         Total |       0 |      44 |   0.0 |       0 |      26 |   0.0 |   581
               +---------+---------+-------+---------+---------+-------+---------
           D:1 |       0 |      35 |   0.0 |       0 |      21 |   0.0 |   472
           D:2 |       0 |       9 |   0.0 |       0 |       5 |   0.0 |   109
               +---------+---------+-------+---------+---------+-------+---------
